 Dungeon Crawl Stone Soup version 0.25-a0-516-g7d600cd (webtiles) character file.

Game seed: 13168122440892208266, levelgen mode: deterministic

37 15 the Ruffian (level 3, -15/29 HPs)
             Began as a Draconian Transmuter on Feb 16, 2020.
             Demolished by a gnoll
             ... wielding a +0 halberd
              (17 damage)
             ... on level 2 of the Dungeon.
             The game lasted 00:03:11 (882 turns).

15 the Ruffian (Draconian Transmuter)                Turns: 882, Time: 00:03:12

Health: -15/29     AC:  5    Str: 18    XL:     3   Next: 23%
Magic:  1/6        EV: 12    Int: 13    God:
Gold:   56         SH:  0    Dex: 11    Spells: 3/6 levels left

rFire    . . .     SeeInvis .     - Unarmed
rCold    . . .     Gourm    .   (no shield)
rNeg     . . .     Faith    .   (armour unavailable)
rPois    .         Spirit   .   (helmet restricted)
rElec    .         Reflect  .   (no cloak)
rCorr    .         Harm     .   (no gloves)
MR       .....                  (no boots)
Stlth    +.........             (no amulet)
HPRegen  0.09/turn              (no ring)
MPRegen  0.10/turn              (no ring)

@: mighty
A: unfitting armour, cold-blooded, AC +5
a: no special abilities


You were on level 2 of the Dungeon.
You were not hungry.

You visited 1 branch of the dungeon, and saw 2 of its levels.

You collected 56 gold pieces.

Inventory:

Missiles
 a - 37 arrows
Scrolls
 b - a scroll of enchant weapon {unknown}
 d - a scroll of noise {unknown}
 j - a scroll of fog {unknown}
 k - 2 scrolls of remove curse {unknown}
 l - 2 scrolls of teleportation
Potions
 e - a potion of ambrosia {unknown}
 f - a potion of haste
 h - a potion of mutation {unknown}
Comestibles
 c - 2 rations
 i - 6 chunks of flesh


   Skills:
 * Level 2.0 Fighting
 * Level 2.0 Dodging
 + Level 3.6 Unarmed Combat
 * Level 2.2 Spellcasting
 * Level 2.0 Transmutations


You had 3 spell levels left.
You knew the following spells:

 Your Spells              Type           Power        Failure   Level  Hunger
a - Beastly Appendage     Tmut           #.....       11%         1    ##.....
b - Sticks to Snakes      Tmut           #.......     16%         2    ###....

Your spell library contained the following spells:

 Spells                   Type           Power        Failure   Level  Hunger
 Spider Form              Tmut/Pois      #.........   43%         3    ####...
 Ice Form                 Ice/Tmut       #.......     85%         4    #####..
 Blade Hands              Tmut           #.........   96%         5    ######.


Dungeon Overview and Level Annotations

Branches:
Dungeon (2/15)

Altars:
Qazlal


Innate Abilities, Weirdness & Mutations

Your plain brown scales are hard. (AC +5)
You cannot fit into any form of body armour.
You are cold-blooded and may be slowed by cold attacks.


Message History

Your Fighting skill increases to level 2!
It was a potion of might.
You feel very mighty all of a sudden. The gnoll hits you with a +0 flail.
You closely miss the gnoll.
The gnoll hits you from afar with a +0 halberd!
Ouch! That really hurt!
* * * LOW HITPOINT WARNING * * *
The gnoll barely misses you.
You hit the gnoll. You claw the gnoll!
You kill the gnoll!
You have reached level 3!
Your experience leads to an increase in your attributes!
Your base attributes are Str 12, Int 13, Dex 11.
Increase (S)trength, (I)ntelligence, or (D)exterity?
You feel stronger.
Your scales feel tougher.
Your talons disappear.
The gnoll hits you from afar with a +0 halberd!
Ouch! That really hurt!
You die...

#.....#### ##...##
##.## #.# #.#
#.#### #....# ...#
####.# .#.# #@#
.#.# #)# .#.# #g#
.#.# #g# .#.####
#.#
.#....##########.#
.#.........g.g.).#
......############
####.##


You could see 2 gnolls.

Vanquished Creatures
  2 gnolls (D:2)
  A dart slug (D:2)
  2 giant cockroaches (D:2)
  A goblin (D:1)
  2 hobgoblins
  2 jackals (D:1)
  A ball python (D:2)
  A bat (D:1)
  5 frilled lizards (D:1)
  2 kobolds (D:1)
  A rat (D:1)
20 creatures vanquished.

Notes
Turn   | Place    | Note
-------+----------+-------------------------------------------
     0 | D:1      | 15 the Draconian Transmuter began the quest for the Orb.
     0 | D:1      | Reached XP level 1. HP: 16/16 MP: 3/3
   349 | D:1      | Reached XP level 2. HP: 22/23 MP: 5/5
   360 | D:1      | Learned a level 2 spell: Sticks to Snakes
   766 | D:2      | Found a stormy altar of Qazlal.
   882 | D:2      | Reached XP level 3. HP: 2/29 MP: 1/6
   882 | D:2      | Demolished by a gnoll

Levels and vault maps discovered:
D:1:      minmay_arrival_stone_box, layout_basic
D:2:      layout_loops_ring, lemuel_crystal_altar, first_ration

Skill      XL: |  1  2 |
---------------+-------+-----
Dodging        | 2 |  2.0
Fighting       | 2 |  2.0
Unarmed Combat | |  3.6
Spellcasting   | |  2.2
Transmutations | |  2.0

Action                   || total
-------------------------++-------
Melee: Unarmed           ||    76
       Tailslap          ||     3
       Kick              ||     2
       Punch             ||     1
 Cast: Beastly Appendage ||     4
       Sticks to Snakes  ||     2
  Use: Scroll            ||     4
       Potion            ||     1
Armor: Skin              ||    19
Dodge: Dodged            ||    36

Table legend:
 A = Non-vault XP
 B = Vault XP
 C = Vault XP percentage of total XP
 D = Non-vault monster count
 E = Vault monster count
 F = Vault count percentage of total count
                 A         B        C        D         E       F
            +---------+---------+-------+---------+---------+-------
      Total |      54 |       0 |   0.0 |      20 |       0 |   0.0
            +---------+---------+-------+---------+---------+-------
        D:1 |      17 |       0 |   0.0 |      13 |       0 |   0.0
        D:2 |      37 |       0 |   0.0 |       7 |       0 |   0.0
            +---------+---------+-------+---------+---------+-------
